 Dungeon Crawl Stone Soup version 0.19-a0-1899-g2d93087 (webtiles) character file.

58 suicidejoker the Sneak (level 4, -2/31 HPs)
             Began as a Formicid Enchanter on Oct 19, 2016.
             Slain by an orc
             ... wielding a +0 mace
              (9 damage)
             ... on level 2 of the Dungeon.
             The game lasted 00:03:53 (1366 turns).

suicidejoker the Sneak (Formicid Enchanter)         Turns: 1366, Time: 00:03:53

Health: -2/31      AC:  6    Str: 13    XL:     4   Next: 20%
Magic:  1/7        EV: 12    Int: 14    God:
Gold:   61         SH:  0    Dex: 12    Spells: 3 memorised, 1 level left

rFire  . . .     SeeInvis +     h - +0 short sword (freeze)
rCold  . . .     Gourm    .     b - +1 robe
rNeg   . . .     Faith    .     (no shield)
rPois  .         Spirit   .     (helmet unavailable)
rElec  .         Reflect  .     (no cloak)
rCorr  .         Harm     .     (no gloves)
MR     .....                    o - +2 pair of boots
Stlth  +++.......               (no amulet)
                                (no ring)
                                (no ring)

@: no status effects
A: permanent stasis, dig shafts and tunnels, four strong arms, antennae 3
a: Dig, Shaft Self


You were on level 2 of the Dungeon.
You were not hungry.

You visited 1 branch of the dungeon, and saw 2 of its levels.

You collected 61 gold pieces.

Inventory:

Hand Weapons
 a - a +1 dagger
 h - a +0 short sword of freezing (weapon)
Armour
 b - a +1 robe (worn)
 o - a +2 pair of boots (worn)
Scrolls
 e - 2 scrolls of random uselessness {unknown}
 f - a scroll of magic mapping {unknown}
 g - 4 scrolls of identify {unknown}
 i - a scroll of fog {unknown}
 j - a scroll of recharging {unknown}
 m - a scroll of remove curse {unknown}
Potions
 l - 2 potions of curing {unknown}
 n - a potion of agility {unknown}
 p - a potion of cancellation {unknown}
Books
 c - a book of Maledictions

   Spells                             Type                      Level
   a - Corona                         Hexes                        1
   b - Ensorcelled Hibernation        Hexes/Ice                    2
   c - Confuse                        Hexes                        3
   d - Tukima's Dance                 Hexes                        3
   e - Dazzling Spray                 Conjuration/Hexes            3
Comestibles
 d - 2 bread rations
 k - 2 meat rations


   Skills:
 + Level 0.4 Fighting
 + Level 1.4 Short Blades
 + Level 2.0 Dodging
 * Level 4.7 Stealth
 + Level 2.3 Spellcasting
 * Level 4.2 Hexes
 + Level 0.2 Ice Magic


You had one spell level left.
You knew the following spells:

 Your Spells              Type           Power        Failure   Level  Hunger
a - Corona                Hex            ##.....      4%          1    #......
b - Ensorcelled Hibernat  Hex/Ice        #.....       17%         2    ###....
c - Confuse               Hex            ##......     14%         3    ###....


Dungeon Overview and Level Annotations

Branches:
Dungeon (2/15)

Altars:


Innate Abilities, Weirdness & Mutations

You are under a permanent stasis effect.
You can dig through walls and to a lower floor.
Your four strong arms can wield two-handed weapons with a shield.
You have a pair of large antennae on your head. (SInv)


Message History

The orc hits you but does no damage.
You hit the orc but do no damage. The orc hits you with a mace.
You closely miss the orc. You barely miss the orc. The orc barely misses you.
You completely miss the orc. The orc hits you with a mace.
* * * LOW HITPOINT WARNING * * *
A hobgoblin comes into view.
You hit the orc. You freeze the orc.
The orc is heavily wounded.
The orc closely misses you.
You hit the orc but do no damage.
The orc is heavily wounded.
The orc closely misses you.
You hit the orc but do no damage.
The orc is heavily wounded.
The orc barely misses you.
You hit the orc but do no damage.
The orc is heavily wounded.
The orc hits you with a mace!
You die...

.......[#.#.# #...
........#.#.####.#
........+........###{
......[.#.#.####.#.## $
........#.#.#<.†.#..###..#
........#.#.####....((...#
........#.#.# #g#.8#...#
....^...#.#.# #o#.#..$.#
.########†#.# #@##. o##.#
.....# #.#)# #.# ## ..
.....# #)# #g# ## .....#
#.# #.# ..)..# #.#{ #.#
[....# #.# #.. .....# #.#
#.. ..#### #.#+###### ..#
#.........


You could see an orc and 2 hobgoblins.

Vanquished Creatures
  An adder (D:2)
  An ooze (D:1)
  A dart slug (D:1)
  2 orcs (D:2)
  3 giant cockroaches
  5 goblins
  3 hobgoblins
  4 jackals (D:2)
  8 kobolds
  A ball python (D:1)
  6 bats
  3 rats (D:2)
38 creatures vanquished.

Notes
Turn   | Place    | Note
-------+----------+-------------------------------------------
     0 | D:1      | suicidejoker the Formicid Enchanter began the quest for the Orb.
     0 | D:1      | Reached XP level 1. HP: 13/13 MP: 3/3
   104 | D:1      | Reached XP level 2. HP: 16/19 MP: 5/5
   389 | D:1      | Learned a level 2 spell: Ensorcelled Hibernation
   508 | D:1      | Reached XP level 3. HP: 2/24 MP: 0/6
   771 | D:1      | Learned a level 3 spell: Confuse
  1293 | D:2      | Reached XP level 4. HP: 30/30 MP: 7/7
  1366 | D:2      | Slain by an orc

Vault maps used:
D:1:      lightli_arrival_statue_moat, serial_curves, eino_curves_02,
          eino_curves_02, minmay_misc_feat_room, minmay_pentomino_s4
D:2:      minmay_wonky_spiral, nicolae_overflow_hidden_temple,
          guppyfry_early_orc_mine

Skill      XL: |  1  2  3 |
---------------+----------+-----
Stealth        | 4 |  4.7
Hexes          | 4 |  4.2
Dodging        | 2 |  2.0
Fighting       | |  0.4
Short Blades   | |  1.4
Spellcasting   | |  2.3
Ice Magic      | |  0.2

Action                   |  1- 3 |  4- 6 || total
-------------------------+-------+-------++-------
Melee: Dagger            |    15 |       ||    15
       Short sword       |   107 |    33 ||   140
 Cast: Ensorcelled Hiber |     5 |     4 ||     9
 Stab: Distracted        |     1 |       ||     1
       Sleeping          |     6 |     2 ||     8
  Eat: Chunk             |     2 |       ||     2
Armor: Robe              |    47 |    11 ||    58
Dodge: Dodged            |   103 |    19 ||   122
